Oka, chaotic female elven Ranger # --------- ---------.-- |.......-### .....@.....| |.......| ## ###|....f.....| ##%.....%..#########%###.........>.| # -----|---# # # |..........| ## # -----|------ # # # ### # # # # -------# # # # |.....-# # # ###|.....|# # # ####-<....|## ---.------ # # -------# ` |........| # ### #### |........| ---|---# # #.`.......| |.....+# ###|........| |.....|# #.........| |......# ---------- ------- Oka the Lookout Experience level: 5 Strength: 15 Dexterity: 10 Constitution: 14 Intelligence: 14 Wisdom: 14 Charisma: 7 Health: 0(35) Energy: 31(31) Def: 2 Gold: 12 Moves: 2226 Dungeon seed: IE0c06gDA5Kdl-tF Game ID: Oka_1546952900 Your Inventory: Coins $ - 12 gold pieces Amulets y - an uncursed amulet versus poison (being worn) Weapons a - a +1 elven dagger (weapon in hand) b - a blessed +1 elven bow (alternate weapon; not wielded) c - 48 +2 elven arrows (in quiver) d - 36 +0 elven arrows Armor e - a cursed +1 elven cloak (being worn) Potions A - a cursed potion of levitation Tools n - an uncursed tin whistle Gems r - an uncursed worthless piece of yellow glass Spells and supernatural/magical abilities: Name Level Category Fail Memory W - pray for help -- divine ? -- Your skills at the end: Fighting Skills Weapon Skills dagger [Basic] bow [Basic] Spellcasting Skills Final Attributes: You were piously aligned. You were sleep resistant. You were poison resistant. You saw invisible. You were telepathic. You had automatic searching. You had infravision. You were stealthy. You are dead. Vanquished creatures: a large mimic a small mimic 2 floating eyes a kobold lord a giant bat an iguana an acid blob a coyote a hobbit a large kobold a hobgoblin 4 giant rats a yellow mold 2 garter snakes 5 jackals a fox 3 goblins 4 grid bugs 5 lichens a kobold zombie 4 newts 42 creatures vanquished. Voluntary challenges: You used a wielded weapon 44 times, starting on turn 41. You read items or engraved 4 times, starting on turn 1090. You never genocided any monsters. You never polymorphed an object. You never changed form. You used no wishes. You never split a pudding. You never wrote Elbereth's name. You never violated your personal moral code. Dungeon overview: The Dungeons of Doom: levels 1 to 5 Level 1 a long staircase Level 2 a potion shop, an altar to Venus Level 3 a long staircase Level 4 a general store Level 5 <- You were here History has recorded: On T:1 you entered the Dungeons of Doom to retrieve the Amulet of Yendor! On T:222 you reached level 2 of The Dungeons of Doom. On T:412 you advanced to experience level 2. On T:441 you advanced to experience level 3. On T:465 you advanced to experience level 4. On T:902 you reached level 3 of The Dungeons of Doom. On T:1266 you advanced to experience level 5. On T:1553 you reached level 4 of The Dungeons of Doom. On T:1910 you reached level 5 of The Dungeons of Doom. Score breakdown: Gold: 12 ( 3789 points) Experience: 5 levels (11141 points) Exploration: 5 levels ( 10.42%) ( 8751 points) Discoveries: 7 items ( 2.41%) ( 4660 points) Valuables value: (no points given unless you survive) Artifact value: 0 ( 0 points) Variety of kills: 21 monsters ( 5.51%) ( 7043 points) Turncount: 2226 turns ( -159 points) Survival: died (score multiplied by 80%) Total score: 28180 Latest messages: c - 3 +2 elven arrows (in quiver). c - a +2 elven arrow (in quiver). (2x) The housecat bites! You begin bashing monsters with your elven bow. You hit the housecat. The housecat bites! You are now wielding your elven dagger. b - a blessed +1 elven bow (alternate weapon; not wielded). You miss the housecat. The housecat bites! You hit the housecat. The housecat bites! (2x) You miss the housecat. The housecat bites! You hit the housecat. The housecat bites! (5x) You stop exploring. You hit the housecat. The housecat bites! You miss the housecat. The housecat bites! You die... Final status: Goodbye Oka the Ranger, killed by a housecat... You died in The Dungeons of Doom on dungeon level 5 with 28180 points, and 12 pieces of gold, after 2226 moves. You were level 5 with a maximum of 35 hit points when you died.